Dernière mise à jour: 2025-12-07 16:11:59
% Time on Ice - REGINA FALCONS
Lines # - Real PCT - Wanted PCT - Time Play
Normal Forward
1 - 35% - 36% - 15:38
2 - 30% - 31% - 13:15
3 - 25% - 23% - 11:13
4 - 10% - 10% - 4:28
Normal Defense
1 - 34% - 36% - 14:57
2 - 38% - 31% - 17:02
3 - 25% - 23% - 11:15
4 - 3% - 10% - 1:20
PP Forward
1 - 52% - 55% - 2:58
2 - 48% - 45% - 2:45
PP Defense
1 - 59% - 55% - 3:23
2 - 41% - 45% - 2:20
PK Forward
1 - 53% - 55% - 3:04
2 - 47% - 45% - 2:41
PK Defense
1 - 53% - 55% - 3:02
2 - 47% - 45% - 2:43
PK3 Forward
1 - 0% - 55%
2 - 0% - 45%
PK3 Defense
1 - 0% - 55%
2 - 0% - 45%
44 Forward
1 - 65% - 55% - 2:35
2 - 35% - 45% - 1:23
44 Defense
1 - 40% - 55% - 1:35
2 - 60% - 45% - 2:23
Last Minute Offensive  - 0:00
Last Minute Defensive  - 0:00
Total
Forward - 60:00
Defense - 60:00
% Time on Ice - VICTORIA GLADIATORS
Lines # - Real PCT - Wanted PCT - Time Play
Normal Forward
1 - 34% - 36% - 15:10
2 - 33% - 34% - 14:46
3 - 27% - 24% - 11:53
4 - 6% - 6% - 2:45
Normal Defense
1 - 38% - 40% - 17:06
2 - 35% - 35% - 15:47
3 - 25% - 25% - 11:05
4 - 1% - 0% - 0:36
PP Forward
1 - 57% - 60% - 3:18
2 - 43% - 40% - 2:27
PP Defense
1 - 65% - 60% - 3:43
2 - 35% - 40% - 2:02
PK Forward
1 - 71% - 60% - 4:05
2 - 29% - 40% - 1:38
PK Defense
1 - 55% - 60% - 3:07
2 - 45% - 40% - 2:36
PK3 Forward
1 - 0% - 55%
2 - 0% - 45%
PK3 Defense
1 - 0% - 55%
2 - 0% - 45%
44 Forward
1 - 71% - 55% - 2:49
2 - 29% - 45% - 1:09
44 Defense
1 - 54% - 55% - 2:08
2 - 46% - 45% - 1:50
Last Minute Offensive  - 0:00
Last Minute Defensive  - 0:00
Total
Forward - 60:00
Defense - 60:00
Play-by-Play 1st period 0:01 of 1st period - Mark Scheifele wins face-off versus William Eklund in neutral zone. 0:03 of 1st period - Off-side. 0:04 of 1st period - Matt Duchene wins face-off versus Leo Carlsson in neutral zone. 0:07 of 1st period - Alex Iafallo is hit by Conor Garland. 0:13 of 1st period - Icing by Adam Fantilli. 0:14 of 1st period - Adam Lowry wins face-off versus Adam Fantilli in REGINA FALCONS zone. 0:18 of 1st period - Icing by Alex Iafallo. 0:19 of 1st period - Adam Fantilli wins face-off versus David Pastrnak in REGINA FALCONS zone. 0:24 of 1st period - Off-side. 0:25 of 1st period - Mason Appleton wins face-off versus Max Jones in neutral zone. 0:54 of 1st period - Shot by Nick Seeler. 0:54 of 1st period - Stopped by Chris Driedger without a rebound. 0:55 of 1st period - Mark Scheifele wins face-off versus William Eklund in REGINA FALCONS zone. 0:58 of 1st period - Shot by Artemi Panarin. 0:58 of 1st period - Stopped by Chris Driedger with a rebound. 1:01 of 1st period - Icing by Marco Scandella. 1:02 of 1st period - Matt Duchene wins face-off versus William Eklund in REGINA FALCONS zone. 1:09 of 1st period - Torey Krug is hit by Matt Duchene and loses puck. 1:53 of 1st period - Icing by Marco Scandella. 1:54 of 1st period - Adam Lowry wins face-off versus William Eklund in REGINA FALCONS zone. 2:38 of 1st period - Adam Lowry is hit by Ryker Evans and loses puck. 2:54 of 1st period - Artemi Panarin is hit by Ryker Evans and loses puck. 3:00 of 1st period - Mark Scheifele is hit by Ryker Evans and loses puck. 3:14 of 1st period - Shot by Artemi Panarin. 3:14 of 1st period - Deflect By David Pastrnak. 3:14 of 1st period - Shot Misses the Net. 3:16 of 1st period - Shot by David Pastrnak. 3:16 of 1st period - Shot Misses the Net. 3:18 of 1st period - Shot by Mark Scheifele. 3:18 of 1st period - Shot Misses the Net. 3:26 of 1st period - Shot by David Pastrnak. 3:26 of 1st period - Deflect By Artemi Panarin. 3:26 of 1st period - Stopped by Chris Driedger without a rebound. 3:27 of 1st period - Christian Dvorak wins face-off versus Matt Duchene in REGINA FALCONS zone. 3:27 of 1st period - Christian Dvorak is hit by Mikael Granlund. 4:02 of 1st period - Shot by Matt Duchene. 4:02 of 1st period - Goal by Matt Duchene - REGINA FALCONS : 0 - VICTORIA GLADIATORS : 1. 4:03 of 1st period - Adam Lowry wins face-off versus Anze Kopitar in neutral zone. 4:37 of 1st period - Shot by Jake Evans. 4:37 of 1st period - Stopped by Chris Driedger without a rebound. 4:38 of 1st period - Mark Scheifele wins face-off versus William Eklund in REGINA FALCONS zone. 4:41 of 1st period - Shot by David Pastrnak. 4:41 of 1st period - Shot Misses the Net. 5:06 of 1st period - Shot by Teuvo Teravainen. 5:06 of 1st period - Deflect By William Eklund. 5:06 of 1st period - Shot Misses the Net. 5:12 of 1st period - Shot by Teuvo Teravainen. 5:12 of 1st period - Shot Misses the Net. 5:13 of 1st period - Minor Penalty to Nick Seeler for Hooking. 5:14 of 1st period - Jake Evans wins face-off versus Adam Fantilli in VICTORIA GLADIATORS zone. 5:14 of 1st period - Jake Evans is hit by Alex Iafallo. 5:40 of 1st period - Icing by Torey Krug. 5:41 of 1st period - Adam Lowry wins face-off versus Adam Fantilli in REGINA FALCONS zone. 6:26 of 1st period - Shot by William Eklund. 6:26 of 1st period - Stopped by Jake Oettinger without a rebound. 6:27 of 1st period - Adam Lowry wins face-off versus William Eklund in VICTORIA GLADIATORS zone. 6:58 of 1st period - Shot by Rickard Rakell. 6:58 of 1st period - Goal by Rickard Rakell - REGINA FALCONS : 1 - VICTORIA GLADIATORS : 1. 6:59 of 1st period - Anze Kopitar wins face-off versus Mark Scheifele in neutral zone. 7:20 of 1st period - Shot by David Pastrnak. 7:20 of 1st period - Stopped by Chris Driedger with a rebound. 7:28 of 1st period - Shot by Artemi Panarin. 7:28 of 1st period - Shot Misses the Net. 7:30 of 1st period - Shot by Mark Scheifele. 7:30 of 1st period - Deflect By Artemi Panarin. 7:30 of 1st period - Stopped by Chris Driedger without a rebound. 7:31 of 1st period - Matt Duchene wins face-off versus Adam Fantilli in REGINA FALCONS zone. 8:11 of 1st period - Mikael Granlund is hit by Ryker Evans and loses puck. 8:48 of 1st period - Shot by Mark Scheifele. 8:48 of 1st period - Shot Misses the Net. 8:50 of 1st period - Shot by Jan Rutta. 8:50 of 1st period - Shot Misses the Net. 8:52 of 1st period - Shot by Mark Scheifele. 8:52 of 1st period - Stopped by Chris Driedger without a rebound. 8:53 of 1st period - Anze Kopitar wins face-off versus Adam Lowry in REGINA FALCONS zone. 9:05 of 1st period - Anze Kopitar is hit by Nick Seeler and loses puck. 9:07 of 1st period - Minor Penalty to Nick Seeler for Hooking. 9:08 of 1st period - William Eklund wins face-off versus Adam Lowry in VICTORIA GLADIATORS zone. 9:40 of 1st period - Icing by Torey Krug. 9:41 of 1st period - Adam Lowry wins face-off versus William Eklund in REGINA FALCONS zone. 10:07 of 1st period - Icing by Torey Krug. 10:08 of 1st period - Jimmy Huntington wins face-off versus Jordan Martinook in REGINA FALCONS zone. 10:12 of 1st period - Off-side. 10:13 of 1st period - Adam Lowry wins face-off versus Adam Fantilli in neutral zone. 10:21 of 1st period - Jake Evans is hit by Logan Stanley and loses puck. 10:28 of 1st period - Jan Rutta is hit by Adam Fantilli and loses puck. 11:33 of 1st period - Shot by Mark Scheifele. 11:33 of 1st period - Stopped by Chris Driedger without a rebound. 11:34 of 1st period - William Eklund wins face-off versus Matt Duchene in REGINA FALCONS zone. 11:47 of 1st period - Shot by Rickard Rakell. 11:47 of 1st period - Stopped by Jake Oettinger without a rebound. 11:48 of 1st period - Mark Scheifele wins face-off versus Christian Dvorak in VICTORIA GLADIATORS zone. 11:53 of 1st period - Tanner Pearson is hit by Mark Scheifele and loses puck. 12:19 of 1st period - Tanner Pearson is hit by Cam Fowler and loses puck. 13:44 of 1st period - Icing by Nick Seeler. 13:45 of 1st period - Adam Lowry wins face-off versus Rickard Rakell in VICTORIA GLADIATORS zone. 13:49 of 1st period - Off-side. 13:50 of 1st period - Mark Scheifele wins face-off versus William Eklund in neutral zone. 14:18 of 1st period - Off-side. 14:19 of 1st period - Adam Lowry wins face-off versus Anze Kopitar in neutral zone. 14:40 of 1st period - Ryker Evans is hit by Adam Lowry and loses puck. 14:52 of 1st period - Off-side. 14:53 of 1st period - William Eklund wins face-off versus Conor Garland in neutral zone. 16:11 of 1st period - Shot by David Pastrnak. 16:11 of 1st period - Stopped by Chris Driedger with a rebound. 16:13 of 1st period - Shot by David Pastrnak. 16:13 of 1st period - Shot Misses the Net. 16:33 of 1st period - Icing by Justin Faulk. 16:34 of 1st period - Mark Scheifele wins face-off versus Anze Kopitar in VICTORIA GLADIATORS zone. 16:34 of 1st period - Mark Scheifele is hit by Max Jones. 16:35 of 1st period - Minor Penalty to Max Jones for Elbowing. 16:36 of 1st period - Matt Duchene wins face-off versus Adam Fantilli in REGINA FALCONS zone. 16:42 of 1st period - Shot by Daniel Sprong. 16:42 of 1st period - Stopped by Chris Driedger without a rebound. 16:43 of 1st period - Adam Fantilli wins face-off versus Matt Duchene in REGINA FALCONS zone. 17:07 of 1st period - Shot by Cam Fowler. 17:07 of 1st period - Shot Blocked by Pierre-Olivier Joseph. 17:09 of 1st period - Shot by David Pastrnak. 17:09 of 1st period - Stopped by Chris Driedger without a rebound. 17:10 of 1st period - Mark Scheifele wins face-off versus Adam Fantilli in REGINA FALCONS zone. 18:38 of 1st period - Jake Evans is hit by Ryker Evans and loses puck. 18:52 of 1st period - Jake Evans is hit by Pierre-Olivier Joseph and loses puck. 18:58 of 1st period - Icing by Pierre-Olivier Joseph. 18:59 of 1st period - Anze Kopitar wins face-off versus Mason Appleton in REGINA FALCONS zone. 19:13 of 1st period - Mason Appleton is hit by Pierre-Olivier Joseph and loses puck. 19:19 of 1st period - Minor Penalty to Ryker Evans for Delaying the game. 19:20 of 1st period - Mark Scheifele wins face-off versus Adam Fantilli in REGINA FALCONS zone. Goals for this period are 1 for REGINA FALCONS vs 1 for VICTORIA GLADIATORS. Shots for this period are 3 for REGINA FALCONS vs 12 for VICTORIA GLADIATORS. 2nd period 0:01 of 2nd period - Mark Scheifele wins face-off versus Adam Fantilli in neutral zone. 1:00 of 2nd period - Shot by Conor Garland. 1:00 of 2nd period - Shot Misses the Net. 1:02 of 2nd period - Shot by Justin Faulk. 1:02 of 2nd period - Stopped by Chris Driedger with a rebound. 1:04 of 2nd period - Shot by Niko Mikkola. 1:04 of 2nd period - Stopped by Chris Driedger without a rebound. 1:05 of 2nd period - Matt Duchene wins face-off versus Adam Fantilli in REGINA FALCONS zone. 1:06 of 2nd period - Shot by Justin Faulk. 1:06 of 2nd period - Goal by Justin Faulk - REGINA FALCONS : 1 - VICTORIA GLADIATORS : 2. 1:07 of 2nd period - Adam Lowry wins face-off versus William Eklund in neutral zone. 1:59 of 2nd period - Icing by Torey Krug. 2:00 of 2nd period - William Eklund wins face-off versus Matt Duchene in REGINA FALCONS zone. 2:09 of 2nd period - Matt Duchene is hit by Rickard Rakell and loses puck. 2:36 of 2nd period - Shot by Mikael Granlund. 2:36 of 2nd period - Goal by Mikael Granlund - REGINA FALCONS : 1 - VICTORIA GLADIATORS : 3. 2:37 of 2nd period - Mark Scheifele wins face-off versus Anze Kopitar in neutral zone. 2:40 of 2nd period - Shot by David Pastrnak. 2:40 of 2nd period - Shot Misses the Net. 2:42 of 2nd period - Shot by Mark Scheifele. 2:42 of 2nd period - Stopped by Chris Driedger without a rebound. 2:43 of 2nd period - Mark Scheifele wins face-off versus Adam Fantilli in REGINA FALCONS zone. 2:48 of 2nd period - Shot by Artemi Panarin. 2:48 of 2nd period - Shot Misses the Net. 4:03 of 2nd